 Dungeon Crawl Stone Soup version 0.21-a0-529-g8c7b3f5 (webtiles) character file.

28 slep the Chopper (level 3, -4/28 HPs)
             Began as a Barachi Gladiator on Dec 10, 2017.
             Slain by a quokka (5 damage)
             ... on level 2 of the Dungeon.
             The game lasted 00:02:19 (593 turns).

slep the Chopper (Barachi Gladiator)                 Turns: 593, Time: 00:02:20

Health: -4/28      AC:  4    Str: 15    XL:     3   Next: 12%
Magic:  3/3        EV: 13    Int:  8    God:
Gold:   62         SH:  0    Dex: 14    Spells: 2/2 levels left

rFire    . . .     SeeInvis .   a - +0 war axe
rCold    . . .     Gourm    .   (no shield)
rNeg     . . .     Faith    .   b - +0 leather armour
rPois    .         Spirit   .   c - +0 helmet
rElec    .         Reflect  .   (no cloak)
rCorr    .         Harm     .   (no gloves)
MR       .....                  (no boots)
Stlth    +.........             (no amulet)
HPRegen  0.09/turn              (no ring)
MPRegen  0.08/turn              (no ring)

@: slow
A: +LOS, swims, slowness 1, strong legs 1
a: Hop


You were on level 2 of the Dungeon.
You were not hungry.

You visited 1 branch of the dungeon, and saw 2 of its levels.

You collected 62 gold pieces.

Inventory:

Hand Weapons
 a - a +0 war axe (weapon)
Missiles
 d - 3 throwing nets (quivered)
Armour
 b - a +0 leather armour (worn)
 c - a +0 helmet (worn)
Scrolls
 e - a scroll of fear {unknown}
 h - a scroll of teleportation {unknown}
 j - 2 scrolls of identify {unknown}
 k - 2 scrolls of remove curse {unknown}
Potions
 i - 2 potions of curing {unknown}
 l - a potion of magic {unknown}
Comestibles
 f - a bread ration
 g - 4 fruits


   Skills:
 + Level 2.7 Fighting
 + Level 4.1 Axes
 + Level 2.0 Throwing
 + Level 0.4 Armour
 + Level 3.5 Dodging
 + Level 0.1 Stealth


You had 2 spell levels left.
You didn't know any spells.

Dungeon Overview and Level Annotations

Branches:
Dungeon (2/15)

Altars:


Innate Abilities, Weirdness & Mutations

Shadows flee at your approach. (+LOS)
You can swim through water.
You cover ground slowly.
You can hop short distances.


Message History

The quokka completely misses you.
You barely miss the quokka. The bat hits you.
* * * LOW HITPOINT WARNING * * *
The quokka completely misses you. The quokka misses you.
You hit the quokka but do no damage. The bat closely misses you.
The quokka bites you but does no damage.
You miss the quokka. You barely miss the bat.
The bat hits you but does no damage. The quokka bites you.
* * * LOW HITPOINT WARNING * * *
The quokka bites you but does no damage.
You closely miss the quokka. The bat barely misses you. The quokka bites you.
* * * LOW HITPOINT WARNING * * *
The quokka closely misses you.
You barely miss the quokka. The bat hits you but does no damage.
The quokka misses you.
You hit the quokka.
The quokka is lightly wounded.
You hit the bat. The bat hits you but does no damage.
The quokka barely misses you. The quokka bites you.
You die...

#....#.##.#
#....#.##.#
#...†#..#.#
######....#..#.#
#.........#..#.#
#.........##...#
#.........##...#
#...b.....###..#######
#....@....# #.........
#.....r.?!# ##.#######
#....=....# #†# #....
#.........# #.# #.##.
#.........# #.###.##.
#.........# #.....##.
#.........# #########
#.........# ...
#.........# ##########


You could see a quokka and a bat.

Vanquished Creatures
  A worm (D:2)
  3 leopard geckos
  A giant cockroach (D:1)
  3 hobgoblins (D:1)
  5 kobolds (D:1)
  3 bats (D:1)
  2 frilled lizards (D:1)
  4 rats
22 creatures vanquished.

Notes
Turn   | Place    | Note
-------+----------+-------------------------------------------
     0 | D:1      | slep the Barachi Gladiator began the quest for the Orb.
     0 | D:1      | Reached XP level 1. HP: 17/17 MP: 1/1
   130 | D:1      | Reached XP level 2. HP: 23/23 MP: 2/2
   214 | D:1      | Reached skill level 4 in Axes
   536 | D:2      | Reached XP level 3. HP: 10/28 MP: 3/3
   591 | D:2      | HP: 1/28 [quokka (3)]
   593 | D:2      | Slain by a quokka

Vault maps used:
D:1:      lemuel_arrival_funnel, wad_floor_pattern_untrapped
D:2:      cheibrodos_old_hovel, st_stairs_3

Skill      XL: |  1  2 |
---------------+-------+-----
Axes           | 4 |  4.1
Fighting       | |  2.7
Throwing       | |  2.0
Armour         | |  0.4
Dodging        | |  3.5
Stealth        | |  0.1

Action                   || total
-------------------------++-------
Melee: War axe           ||    88
 Stab: Sleeping          ||     1
Armor: Leather armour    ||    24
Dodge: Dodged            ||    82

Table legend:
 A = Spawn XP
 B = Non-spawn XP
 C = Spawn XP percentage of total XP
 D = Spawn monster count
 E = Non-spawn monster count
 F = Spawn count percentage of total count
 G = Total turns spent on level
                    A         B        C        D         E        F      G
               +---------+---------+-------+---------+---------+-------+---------
         Total |       0 |      40 |   0.0 |       0 |      22 |   0.0 |   593
               +---------+---------+-------+---------+---------+-------+---------
           D:1 |       0 |      27 |   0.0 |       0 |      17 |   0.0 |   483
           D:2 |       0 |      13 |   0.0 |       0 |       5 |   0.0 |   110
               +---------+---------+-------+---------+---------+-------+---------
